 Dungeon Sprint DCSS version 0.26.1-11-gd32895ea62 (webtiles) character file.

Game seed: 17912765006588815949

58 Zeld the Shield-Bearer (level 3, 0/36 HPs)
             Began as a Deep Dwarf Fighter on June 9, 2021.
             Was an Initiate of Makhleb.
             Killed from afar by an oklob sapling priest (5 damage)
             ... with a splash of acid
             ... in the Dungeon (Sprint IV: "Fedhas' Mad Dash").
             The game lasted 00:00:36 (699 turns).

Zeld the Shield-Bearer (Deep Dwarf Fighter)          Turns: 699, Time: 00:00:38

Health: 0/36       AC:  6    Str: 20    XL:     3   Next: 76%
Magic:  2/3        EV:  7    Int:  8    God:    Makhleb [......]
Gold:   41         SH: 10    Dex: 12    Spells: 2/2 levels left

rFire    . . .     SeeInvis .   a - +0 war axe
rCold    . . .     Faith    .   c - +0 kite shield
rNeg     . . .     Spirit   .   b - +0 scale mail
rPois    .         Reflect  .   (no helmet)
rElec    .         Harm     .   (no cloak)
rCorr    .         Rampage  .   (no gloves)
Will     .....     NoTele   +   (no boots)
Stlth    ..........             i - amulet of invisibility {+Inv}
HPRegen  0.00/turn              (no ring)
MPRegen  0.08/turn              (no ring)

@: very slightly contaminated, non-regenerating
A: damage resistance, heal wounds, sense surroundings 1, no regeneration
a: Heal Wounds, Renounce Religion, Evoke Invisibility


You were in the Dungeon.
You worshipped Makhleb.
Makhleb was noncommittal.
You visited 1 branch You collected 41 gold pieces.

Inventory:

Hand Weapons
 a - a +0 war axe (weapon)
Armour
 b - a +0 scale mail (worn)
 c - a +0 kite shield (worn)
Jewellery
 i - the amulet of invisibility (around neck) {+Inv}
   (You found it in the Dungeon)

   [amulet of nothing]

   It lets you turn invisible.
Scrolls
 j - a scroll of blinking
Potions
 d - a potion of might
 e - a potion of curing
 f - a potion of heal wounds
 g - a potion of haste
 h - 2 potions of magic


   Skills:
 + Level 4.0 Fighting
 * Level 5.5 Axes
 - Level 3.2 Armour
 * Level 6.1 Shields


You had 2 spell levels left.
You didn't know any spells.
Your spell library was empty.

Dungeon Overview and Level Annotations

Branches:
Dungeon (1/1)

Altars:
Cheibriados
Dithmenos
Elyvilon
Gozag
Hepliaklqana
Kikubaaqudgha
Makhleb
Nemelex Xobeh
Okawaru
Qazlal
Ru
Sif Muna
Trog
Uskayaw
Vehumet
Wu Jian
Xom
Yredelemnul
Zin
The Shining One
Beogh
Jiyva
Lugonu

Annotations:
D exclusion: oklob sapling


Innate Abilities, Weirdness & Mutations

You are resistant to damage.
You can heal yourself by infusing magical energy.
You passively map a small area around you.
You do not regenerate.


Message History

There is an opulent altar of Gozag here.
Found a radiant altar of Vehumet and a corrupted altar of Lugonu.
There is a burning altar of Makhleb here.
You kneel at the altar of Makhleb.
Makhleb welcomes you!
You flicker for a moment.
There is a sparkling altar of Nemelex Xobeh here.
You hit the oklob sapling priest but do no damage.
The oklob sapling priest spits acid at you.
The splash of acid misses you.
You hit the oklob sapling priest but do no damage.
You hit the oklob sapling priest.
The oklob sapling priest is lightly damaged.
You strike the helpless oklob sapling priest from behind!
You hit the oklob sapling priest but do no damage.
The oklob sapling priest is lightly damaged.
You flicker back into view.
The oklob sapling priest spits acid at you.
The splash of acid hits you.
You die...

########################
*
÷...#.....#.⌠._._._._.⌠.
÷...'.#)(.'.._._._._._..
, ,
....#.#...#..._.@P_._...
########+##.._._._._._..
,,,,,+ #._._._._._.⌠. *
* , ############## , *
** , ,, ** * , , , * , ,
, * , ,, * , * * * *


You could see an oklob sapling priest.

Vanquished Creatures
  An oklob sapling (D)
  A worker ant (D)
  A river rat (D)
  A rat (D)
4 creatures vanquished.

Vanquished Creatures (others)
  2 fungi (D)
2 creatures vanquished.

Grand Total: 6 creatures vanquished

Notes
Turn   | Place    | Note
-------+----------+-------------------------------------------
     0 | D        | Zeld the Deep Dwarf Fighter began the quest for the Orb.
     0 | D        | Reached XP level 1. HP: 20/20 MP: 1/1
    10 | D        | Reached skill level 4 in Shields
    10 | D        | Reached XP level 2. HP: 28/28 MP: 2/2
   115 | D        | Noticed an oklob sapling
   421 | D        | Killed an oklob sapling
   422 | D        | Reached skill level 5 in Shields
   422 | D        | Reached XP level 3. HP: 8/36 MP: 3/3
   424 | D        | Found the amulet of invisibility {+Inv}
   425 | D        | Reached skill level 5 in Axes
   425 | D        | Reached skill level 6 in Shields
   687 | D        | Found an opulent altar of Gozag.
   687 | D        | Found a hazy altar of Hepliaklqana.
   687 | D        | Found a burning altar of Makhleb.
   687 | D        | Found a roughly hewn altar of Beogh.
   687 | D        | Found a sparkling altar of Nemelex Xobeh.
   687 | D        | Found a snail-covered altar of Cheibriados.
   687 | D        | Found a sacrificial altar of Ru.
   687 | D        | Found a shimmering blue altar of Sif Muna.
   687 | D        | Found a shimmering altar of Xom.
   687 | D        | Found a basalt altar of Yredelemnul.
   688 | D        | Found a viscous altar of Jiyva.
   688 | D        | Found a bloodstained altar of Trog.
   688 | D        | Found an ornate altar of the Wu Jian Council.
   688 | D        | Noticed an oklob sapling priest
   689 | D        | Found an iron altar of Okawaru.
   689 | D        | Found a shadowy altar of Dithmenos.
   689 | D        | Found a glowing silver altar of Zin.
   690 | D        | Found an ancient bone altar of Kikubaaqudgha.
   690 | D        | Found a hide-covered altar of Uskayaw.
   691 | D        | Found a stormy altar of Qazlal.
   691 | D        | Found a white marble altar of Elyvilon.
   691 | D        | Found a glowing golden altar of the Shining One.
   692 | D        | Found a radiant altar of Vehumet.
   692 | D        | Found a corrupted altar of Lugonu.
   693 | D        | Became a worshipper of Makhleb the Destroyer
   699 | D        | Killed from afar by an oklob sapling priest

Illustrated notes

Levels and vault maps discovered:
D:        dungeon_sprint_fedhas [sprint_temple]

Skill      XL: |  1  2  3 |
---------------+----------+-----
Fighting       | 3 4 |  4.0
Axes           | 3 4 5 |  5.5
Shields        | 4 5 6 |  6.1
Armour         | |  3.2

Action                   || total
-------------------------++-------
Melee: War axe           ||    10
 Abil: Evoke Invisibilit ||     1
  Use: Potion            ||     1
 Stab: Invisible         ||     1
Armor: Scale mail        ||     2
Dodge: Dodged            ||     2
Block: Kite shield       ||     2
